 Dungeon Crawl Stone Soup version 0.19-a0-1111-gcceb26a (webtiles) character file.

40 HAL9000 the Insei (level 3, 0/28 HPs)
             Began as a Draconian Transmuter on Aug 10, 2016.
             Slain by Terence
             ... wielding a +0 short sword
              (5 damage)
             ... on level 2 of the Dungeon.
             The game lasted 00:03:00 (1058 turns).

HAL9000 the Insei (Draconian Transmuter)            Turns: 1058, Time: 00:03:01

Health: 0/28       AC:  5    Str: 12    XL:     3   Next: 30%
Magic:  0/6        EV: 12    Int: 13    God:
Gold:   77         SH:  0    Dex: 12    Spells: 2 memorised, 3 levels left

rFire  . . .     SeeInvis .       - Unarmed
rCold  . . .     Gourm    .     (armour unavailable)
rNeg   . . .     Faith    .     (no shield)
rPois  .         Spirit   .     (helmet restricted)
rElec  .         Dismiss  .     (no cloak)
rCorr  .         Reflect  .     (no gloves)
SustAt .         Harm     .     (no boots)
MR     .....                    (no amulet)
Stlth  +.........               (no ring)
                                (no ring)

@: very slightly contaminated
A: unfitting armour, cold-blooded, AC +5
a: no special abilities


You were on level 2 of the Dungeon.
You were not hungry.

You visited 1 branch of the dungeon, and saw 2 of its levels.

You collected 77 gold pieces.

Inventory:

Missiles
 a - 10 arrows
Jewellery
 i - a cursed ring of magical power {unknown}
Scrolls
 d - a scroll of recharging {unknown}
 f - a scroll of identify {unknown}
 h - 2 scrolls of teleportation {unknown}
Potions
 e - a potion of flight {unknown}
 g - a potion of agility {unknown}
 k - a potion of lignification {unknown}
 l - a potion of brilliance {unknown}
 m - a potion of experience {unknown}
Books
 b - a book of Changes

   Spells                             Type                      Level
   a - Beastly Appendage              Transmutation                1
   b - Sticks to Snakes               Transmutation                2
   c - Spider Form                    Transmutation/Poison         3
   d - Ice Form                       Ice/Transmutation            4
   e - Blade Hands                    Transmutation                5
Comestibles
 c - 2 bread rations
 j - a meat ration


   Skills:
 - Level 1.1 Fighting
 - Level 1.7 Dodging
 + Level 3.9 Unarmed Combat
 - Level 2.0 Spellcasting
 + Level 2.8 Transmutations


You had 3 spell levels left.
You knew the following spells:

 Your Spells              Type           Power        Failure   Level  Hunger
a - Beastly Appendage     Tmut           #.....       10%         1    ##.....
b - Sticks to Snakes      Tmut           #.......     14%         2    ###....


Dungeon Overview and Level Annotations

Branches:
Dungeon (2/15)

Altars:

Annotations:
D:2 Terence


Innate Abilities, Weirdness & Mutations

Your plain brown scales are hard. (AC +5)
Your body does not fit into most forms of armour.
You are cold-blooded and may be slowed by cold attacks.


Message History

Unknown command.
You hit Terence but do no damage.
Terence is heavily wounded.
Your adder bites Terence but does no damage.
Terence closely misses you.
Unknown command.
Casting: Sticks to Snakes
Confirm with . or Enter, or press ? or * to list all spells.
You miscast Beastly Appendage.
Nothing appears to happen.
Your adder barely misses Terence.
Terence hits you but does no damage.
Your adder misses Terence. You hit Terence but do no damage.
Terence is heavily wounded.
Your adder bites Terence but does no damage.
Terence hits you with a short sword!
* * * LOW HITPOINT WARNING * * *
You closely miss Terence.
Terence is heavily wounded.
Your adder barely misses Terence.
Terence hits you with a short sword.
You die...

l..# ###.#..........#
...# #..............#
#..#####.#....##......#
#.. ...#.###..##......#
#.###.##......##....)>'
#.....#...............#
#.....)...#...........#
#...S##.#.#...........#
#....@@.#.##.....######
#...#####.##(....#
#...# #.....รท..# #...#
####.....# #...#
#.....# #...# #.....#
#...# #.....# #####
#######


You could see Terence and a friendly adder.

Vanquished Creatures
  An adder (D:2)
  2 dart slugs (D:1)
  A giant gecko (D:1)
  A bat (D:2)
  A giant cockroach (D:1)
  3 goblins (D:1)
  5 hobgoblins
  A giant newt (D:1)
  5 kobolds (D:1)
  4 rats
24 creatures vanquished.

Vanquished Creatures (collateral kills)
  A giant newt (D:2)
1 creature vanquished.

Grand Total: 25 creatures vanquished

Notes
Turn   | Place    | Note
-------+----------+-------------------------------------------
     0 | D:1      | HAL9000 the Draconian Transmuter began the quest for the Orb.
     0 | D:1      | Reached XP level 1. HP: 16/16 MP: 3/3
   422 | D:1      | Reached XP level 2. HP: 23/23 MP: 3/5
   450 | D:1      | Learned a level 2 spell: Sticks to Snakes
   988 | D:2      | Reached XP level 3. HP: 26/28 MP: 4/6
  1035 | D:2      | Noticed Terence
  1058 | D:2      | Slain by Terence

Vault maps used:
D:1:      saegor_arrival_miasma
D:2:      first_bread, uniq_terence

Action                   || total
-------------------------++-------
Melee: Unarmed           ||   101
       Tailslap          ||    10
       Headbutt          ||     4
       Kick              ||     3
 Cast: Beastly Appendage ||    14
       Sticks to Snakes  ||     2
  Eat: Chunk             ||     1
Armor: Skin              ||    21
Dodge: Dodged            ||    52
